 Dungeon Crawl Stone Soup version 0.30-a0-691-g754fce4c43 (webtiles) character file.

Game seed: 1357384926973425760

99 bmack86 the Covered (level 4, -3/40 HPs)
             Began as a Minotaur Fighter on Jan 20, 2023.
             Slain by Grinder (5 damage)
             ... while paralysed by Grinder
             ... on level 3 of the Dungeon.
             The game lasted 00:03:37 (1801 turns).

bmack86 the Covered (Minotaur Fighter)              Turns: 1801, Time: 00:03:38

Health: -3/40      AC:  7    Str: 28    XL:     4   Next: 45%
Magic:  3/3        EV:  2    Int:  5    God:
Gold:   173        SH:  0    Dex: 10    Spells: 3/3 levels left

rFire   . . .      SeeInvis .    a - +0 war axe
rCold   . . .      Faith    .    c - +0 buckler
rNeg    . . .      Spirit   .    b - +0 scale mail
rPois   .          Reflect  .    (helmet restricted)
rElec   .          Harm     .    (no cloak)
rCorr   .          Rampage  .    (no gloves)
Will    .....                    (no boots) Stlth
                                 (no amulet)
HPRegen 0.26/turn                m - +6 ring of strength
MPRegen 0.08/turn                (no ring)

@: paralysed
A: horns 2, retaliatory headbutt
a: no special abilities


You were on level 3 of the Dungeon.
You visited 1 branch of the dungeon, and saw 3 of its levels.

You collected 173 gold pieces.

Inventory:

Hand Weapons
 a - a +0 war axe (weapon)
Missiles
 g - 8 boomerangs (quivered)
Armour
 b - a +0 scale mail (worn)
 c - a +0 buckler (worn)
Jewellery
 m - a +6 ring of strength (left hand)
Wands
 h - a wand of digging (3)
Scrolls
 f - a scroll of immolation
 j - a scroll of identify {unknown}
 k - a scroll of silence {unknown}
 p - a scroll of fog {unknown}
 q - 2 scrolls of teleportation {unknown}
 r - a scroll of poison {unknown}
 s - a scroll of noise {unknown}
Potions
 d - 2 potions of might
 e - 2 potions of haste {unknown}
 i - a potion of lignification {unknown}
 l - a potion of ambrosia {unknown}
 n - a potion of degeneration {unknown}
 o - 2 potions of heal wounds


   Skills:
 + Level 4.2 Fighting
 * Level 4.0 Axes
 + Level 1.1 Throwing
 + Level 4.2 Armour
 + Level 4.1 Shields


You had 3 spell levels left.
You didn't know any spells.
Your spell library contained the following spells:

 Spells                   Type           Power      Damage    Failure   Level
 Slow                     Hex            0%         N/A       83%         1
 Confusing Touch          Hex            0%         N/A       99%         3
 Vampiric Draining        Necr           0%         2d6       99%         3
 Freezing Cloud           Conj/Ice/Air   0%         6-21      100%        5
 Simulacrum               Ice/Necr       0%         N/A       100%        6
 Polar Vortex             Ice            0%         N/A       100%        9


Dungeon Overview and Level Annotations

Branches:
Dungeon (3/15)

Altars:
Uskayaw
Wu Jian

Annotations:
D:2 1 runed translucent door, Crazy Yiuf
D:3 Grinder


Innate Abilities, Weirdness & Mutations

You have a pair of horns on your head.
You reflexively headbutt those who attack you in melee.


Message History

Grinder comes into view.
Grinder shouts!
You throw a boomerang. The boomerang barely misses Grinder.
Grinder blinks!
You throw a boomerang. The boomerang hits Grinder.
Grinder is lightly wounded.
Grinder hits you but does no damage.
You throw a boomerang. The boomerang hits Grinder!
Grinder is moderately wounded.
Grinder hits you.
You writhe in agony.
You closely miss Grinder.
Grinder is moderately wounded.
Grinder hits you.
You writhe in agony.
Grinder hits you!
You writhe in agony.
* * * LOW HITPOINT WARNING * * *
You slash Grinder!
Grinder is heavily wounded.
Grinder blinks!
Grinder barely misses you. You furiously retaliate!
You headbutt Grinder! You barely miss Grinder. Your headbutt misses Grinder.
Grinder is almost dead.
Grinder hits you.
* * * LOW HITPOINT WARNING * * *
You writhe in agony.
* * * LOW HITPOINT WARNING * * *
It was a potion of heal wounds.
You feel much better. Grinder gestures at you. Pain shoots through your body!
You closely miss Grinder.
Grinder is almost dead.
Grinder gestures at you.
You suddenly lose the ability to move!
Grinder hits you.
You writhe in agony.
* * * LOW HITPOINT WARNING * * *
Grinder hits you.
* * * LOW HITPOINT WARNING * * *
You writhe in agony.
* * * LOW HITPOINT WARNING * * *
Grinder gestures at you.
You shrug off the repeated paralysis!
Grinder hits you but does no damage. Grinder hits you.
You die...

#..## ....## #. ..#
##.#.# #. #.# #.#.#
#. #.#
##.#.#####.#####.#
..............##.#
.....#####.##.##.#
.....# #.##.##5#
##.###
#......@##### #.#
##.#....$...# #.#
#.#...####.# ##'##
#.#...## #...##
#.#....# .....##
#.##...# ......##
#......#
.......####....#.##
.......'...........


You could see Grinder.

Vanquished Creatures
  4 adders
  A worm (D:2)
  2 dart slugs
  An orc (D:3)
  5 ball pythons
  4 endoplasms
  2 giant cockroaches (D:1)
  11 goblins
  2 hobgoblins
  6 jackals
  A kobold (D:1)
  3 quokkas
  A bat (D:2)
  2 frilled lizards
  6 rats
51 creatures vanquished.

Notes
Turn   | Place    | Note
-------+----------+-------------------------------------------
     0 | D:1      | bmack86 the Minotaur Fighter began the quest for the Orb.
     0 | D:1      | Reached XP level 1. HP: 19/19 MP: 0/0
   210 | D:1      | Reached XP level 2. HP: 23/27 MP: 1/1
   494 | D:1      | Found a faded altar of an unknown god.
   924 | D:2      | Reached XP level 3. HP: 28/33 MP: 2/2
  1284 | D:2      | Found a runed translucent door.
  1285 | D:2      | Noticed Crazy Yiuf
  1391 | D:2      | Reached XP level 4. HP: 40/40 MP: 3/3
  1506 | D:3      | Reached skill level 1 in Throwing
  1717 | D:3      | Found a hide-covered altar of Uskayaw.
  1717 | D:3      | Found an ornate altar of the Wu Jian Council.
  1787 | D:3      | Noticed Grinder
  1795 | D:3      | HP: 1/40 [Grinder (5)]
  1797 | D:3      | Paralysed by Grinder for 5 turns
  1801 | D:3      | Slain by Grinder

Illustrated notes

Levels and vault maps discovered:
D:1:      denvon_arrival_hothouse, layout_loops_corners,
          hellmonk_ecumenical_altar_lost_god
D:2:      layout_rooms, minivault_4, uniq_crazy_yiuf_cottage
D:3:      layout_loops_corners, gammafunk_temple_overflow_wave,
          grunt_ministairs_7, chequers_serial_rivers_small_3, uniq_grinder

Skill      XL: |  1  2  3  4 |
---------------+-------------+-----
Axes           | 3 4 |  4.0
Armour         | 4 |  4.2
Fighting       | 4 |  4.2
Shields        | 4 |  4.1
Throwing       | 1 |  1.1

Action                   |  1- 3 |  4- 6 || total
-------------------------+-------+-------++-------
Melee: War axe           |    57 |    10 ||    67
       Headbutt          |    12 |     1 ||    13
Throw: Boomerang         |       |    12 ||    12
  Use: Scroll            |     1 |       ||     1
       Potion            |       |     1 ||     1
Armor: Scale mail        |    32 |     7 ||    39
Dodge: Dodged            |    32 |     9 ||    41
Block: Buckler           |    10 |     3 ||    13

Table legend: (Time is in decaauts)
 A = Elapsed time spent in this place.
 B = Non-inter-level travel time spent in this place.
 C = Inter-level travel time spent in this place.
 D = Time resting spent in this place.
 E = Time spent auto-exploring this place.
 F = Levels seen in this place.
 G = Mean time per level.
                   A        B        C        D        E       F      G
               +--------+--------+--------+--------+--------+-----+--------+
         Total |   1830 |   1766 |     64 |      0 |   1267 |   3 |  610.0 |
       Dungeon |   1830 |   1766 |     64 |      0 |   1267 |   3 |  610.0 |
               +--------+--------+--------+--------+--------+-----+--------+

Top non-repeatable levels by time:
     D:1: 931 daAuts
     D:2: 592 daAuts
     D:3: 305 daAuts
